 Dungeon Crawl Stone Soup version 0.23-a0-404-g0063841 (webtiles) character file.

51359 Azzok the Devastator (level 14, -4/68 HPs)
             Began as a Gargoyle Fire Elementalist on Nov 5, 2018.
             Was a High Priest of Vehumet.
             Killed by divine providence
             ... invoked by Saint Roka
              (15 damage)
             ... on level 2 of the Orcish Mines.
             The game lasted 01:01:07 (33473 turns).

Azzok the Devastator (Gargoyle Fire Elementalist)  Turns: 33473, Time: 01:01:08

Health: -4/68      AC: 21    Str: 11    XL:     14   Next: 59%
Magic:  7/31       EV: 11    Int: 22    God:    Vehumet [*****.]
Gold:   2318       SH:  6    Dex: 10    Spells: 11/39 levels left

rFire    . . .     SeeInvis .   M - +1 spear (freeze)
rCold    . . .     Gourm    .   (no shield)
rNeg     + . .     Faith    .   R - +0 troll leather armour
rPois    ∞         Spirit   .   (no helmet)
rElec    +         Reflect  +   F - +1 cloak
rCorr    .         Harm     .   (no gloves)
MR       +....                  n - +0 pair of boots
Stlth    ++........             D - +6 amulet of reflection
HPRegen  0.61/turn              y - +4 ring of protection
MPRegen  0.22/turn              r - ring of wizardry

@: about to teleport
A: big wings, negative energy resistance 1, electricity resistance, unbreathing,
petrification resistance, rot immunity, AC +10
a: Fly, Renounce Religion


You were on level 2 of the Orcish Mines.
You worshipped Vehumet.
Vehumet was extremely pleased with you.
You were not hungry.

You visited 4 branches of the dungeon, and saw 21 of its levels.

You collected 2318 gold pieces.

Inventory:

Hand Weapons
 M - a +1 spear of freezing (weapon)
Armour
 n - a +0 pair of boots (worn)
 F - a +1 cloak (worn)
 R - a +0 troll leather armour (worn)
Jewellery
 m - an uncursed ring of flight
 r - a ring of wizardry (right hand)
 v - an uncursed ring of protection from fire
 x - an uncursed ring of protection from fire
 y - a +4 ring of protection (left hand)
 C - an uncursed ring of protection from magic
 D - a +6 amulet of reflection (around neck)
Wands
 I - a wand of digging (5)
 J - a wand of disintegration (11)
 K - a wand of clouds (3)
 O - a wand of acid (4)
 P - a wand of iceblast (8)
 Q - a wand of polymorph (27)
Scrolls
 a - a scroll of holy word {unknown}
 b - a scroll of vulnerability {unknown}
 d - 7 scrolls of fog
 e - 9 scrolls of teleportation
 g - a scroll of summoning {unknown}
 h - 8 scrolls of amnesia
 k - 2 scrolls of noise {unknown}
 p - 5 scrolls of remove curse
 q - 2 scrolls of magic mapping
 s - 6 scrolls of fear
 u - 3 scrolls of enchant armour
 w - 4 scrolls of immolation {unknown}
 E - a scroll of random uselessness {unknown}
 H - 2 scrolls of blinking {unknown}
 L - 3 scrolls of identify
Potions
 f - 3 potions of flight
 i - a potion of lignification {unknown}
 j - a potion of haste
 l - 7 potions of curing
 o - 2 potions of heal wounds {unknown}
 t - a potion of berserk rage {unknown}
 z - a potion of brilliance {unknown}
 A - a potion of ambrosia {unknown}
 B - 6 potions of mutation {!q}
 G - 3 potions of resistance
 N - 2 potions of cancellation
 S - a potion of might {unknown}
Comestibles
 c - 13 rations


   Skills:
 - Level 1.5 Dodging
 - Level 2.1 Stealth
 + Level 13.1 Spellcasting
 + Level 15.0 Conjurations
 + Level 14.3 Fire Magic
 + Level 4.3 Earth Magic


You had 11 spell levels left.
You knew the following spells:

 Your Spells              Type           Power        Failure   Level  Hunger
a - Flame Tongue          Conj/Fire      #####        0%          1    None
b - Conjure Flame         Conj/Fire      ######..     1%          3    None
c - Sticky Flame          Conj/Fire      ######..     1%          4    None
d - Fireball              Conj/Fire      ######....   1%          5    ###....
e - Bolt of Magma         Conj/Fire/Erth ######....   1%          5    ###....
f - Bolt of Fire          Conj/Fire      ######....   1%          6    #####..
g - Fulminant Prism       Conj/Hex       #####.....   1%          4    None

Your spell library contained the following spells:

 Spells                   Type           Power        Failure   Level  Hunger
 Magic Dart               Conj           ####         0%          1    None
 Searing Ray              Conj           ######       0%          2    None
 Throw Flame              Conj/Fire      ######       0%          2    None
 Dazzling Spray           Conj/Hex       #####.       1%          3    None
 Inner Flame              Hex/Fire       #####...     1%          3    None
 Mephitic Cloud           Conj/Pois/Air  #####...     1%          3    None
 Force Lance              Conj/Tloc      #####...     1%          4    None
 Iskenderun's Mystic Bla  Conj           ######..     1%          4    None
 Poisonous Vapours        Pois/Air       ##....       3%          2    None
 Freezing Cloud           Conj/Ice/Air   #####.....   13%         6    #####..
 Ring of Flames           Chrm/Fire      #####.....   67%         7    ######.


Dungeon Overview and Level Annotations

Branches:
Dungeon (12/15)            Temple (1/1) D:5            Lair (6/6) D:8
 Shoals (0/4) Lair:2        Snake (0/4) Lair:3        Slime (0/5) Lair:5
    Orc (2/2) D:12            Elf (0/3) Orc:2

Altars:
Ashenzari
Cheibriados
Dithmenos
Elyvilon
Fedhas
Gozag
Hepliaklqana
Kikubaaqudgha
Makhleb
Nemelex Xobeh
Okawaru
Qazlal
Ru
Sif Muna
Trog
Uskayaw
Vehumet
Wu Jian
Xom
Yredelemnul
Zin
The Shining One
Beogh
Jiyva

Shops:
Orc:2 [**

Annotations:
D:8 Gastronok
D:9 3 runed doors, Nr616's ghost, novice HOFi
D:10 2 transporters
Lair:5 exclusion: 2 oklob plants
Orc:2 Saint Roka


Innate Abilities, Weirdness & Mutations

You are resistant to torment.
Your stone body is resilient. (AC +10)
You are immune to poison.
Your large and strong wings let you fly indefinitely.
You resist negative energy. (rN+)
You are resistant to electric shocks. (rElec)
You can survive without breathing.
You are immune to petrification.
You are immune to rotting.


Message History

Saint Roka burns!
Things that are here:
a +0 hand axe; a +0 chain mail
Things that are here:
a +0 hand axe; a +0 leather armour Saint Roka mumbles some strange prayers to Beogh against you.
Beogh smites you!
Saint Roka calls down the wrath of Beogh upon you.
Beogh smites you!
Saint Roka invokes the aid of Beogh against you.
Beogh smites you!
* * * LOW HITPOINT WARNING * * *
As you read the scroll of teleportation, it crumbles to dust.
You feel strangely unstable.
Saint Roka calls down the wrath of Beogh upon you.
Beogh smites you!
* * * LOW HITPOINT WARNING * * *
Saint Roka calls down the wrath of Beogh upon you.
Beogh smites you!
You die...

▒··▒▒▒ ▒▒▒··▒·▒▒[····[··▒·····▒
▒·▒▒ ·····∩▒▒······[·▒····▒▒···▒▒
··▒ 8···8 ▒·······▒·····)▒'▒▒▒·
·▒▒▒▒▒···▒▒▒▒▒·····▒·)···········
· ·▒···▒·· ▒···▒▒······[······· ·
')··'· ▒·▒▒▒▒·············· ▒)··▒
▒·▒·▒······▒········
▒▒▒▒▒)8·▒▒▒▒▒··········▒▒▒······
▒···▒·))▒···▒·▒@·))·······)···)·
▒···')·)'···▒·▒······▒▒▒▒▒·····)
▒···▒·))▒···▒·······▒▒·∩·▒▒·····
▒▒▒▒▒·)·▒▒▒▒▒·▒····▒▒·····▒▒····
▒8···8▒ ▒▒······▒···_···▒···▒ ·▒
▒··)··▒▒▒··▒·▒··▒··)8···▒·▒·▒
···▒▒'''▒▒)o·▒···▒·▒···)···▒·▒·▒
··········)·▒▒···▒··▒▒·····▒▒·▒·▒
··▒···8·8·▒▒·········▒▒(··▒▒·▒···


You could see Saint Roka.

Vanquished Creatures
  A stone giant (D:12)
  Josephine (Lair:5)
  Erolcha (Orc:2)
  Harold (Lair:1)
  A death knight (D:10)
  2 two-headed ogres (D:11)
  5 death yaks
  A skeletal warrior (D:10)
  2 orc knights (Orc:2)
  2 oklob plants (Lair:5)
  2 orc sorcerers (Orc:2)
  3 ugly things
  7 black mambas
  7 elephants
  10 spiny frogs
  2 rime drakes
  2 freezing wraiths
  6 komodo dragons
  A queen bee (D:8)
  6 trolls
  A hornet (Lair:4)
  2 polar bears
  3 blink frogs (Lair:4)
  A snapping turtle (Lair:2)
  6 hippogriffs
  7 dream sheep
  A spriggan (Lair:5)
  27 yaks
  4 wraiths
  3 wyverns
  5 basilisks
  2 steam dragons
  2 vampire mosquitoes
  An insubstantial wisp (Lair:2)
  2 hungry ghosts
  Duvessa (D:5)
  18 water moccasins
  10 porcupines
  2 wargs (Orc:2)
  2 swamp drakes (Lair:2)
  3 sky beasts
  9 ice beasts
  24 orc warriors
  4 black bears
  11 wolves
  An eye of draining (D:9)
  4 phantoms
  A boggart (Lair:6)
  17 ogres
  7 centaurs
  12 crocodiles
  2 big kobolds (D:11)
  13 bullfrogs
  Dowan (D:5)
  2 gnoll sergeants
  4 scorpions
  21 killer bees
  4 wights (D:9)
  A vampire bat (Lair:2)
  3 electric eels (Lair:2)
  3 howler monkeys (D:9)
  3 bullfrog zombies
  3 centaur zombies
  7 crimson imps
  A centaur skeleton (D:11)
  2 hounds
  4 jellies
  25 orc priests
  23 orc wizards
  3 iguanas
  2 hell rats (Lair:3)
  4 worker ants
  A killer bee zombie (D:6)
  A hound zombie (D:5)
  2 worker ant zombies
  8 gnolls
  14 adders
  5 river rats
  3 shadow imps
  A worm (D:4)
  4 dart slugs
  4 leopard geckos
  95 orcs
  17 bats
  5 giant cockroaches
  13 goblins
  7 hobgoblins
  11 jackals
  16 kobolds
  4 quokkas
  2 ball pythons
  4 frilled lizards
  A giant cockroach zombie (D:5)
  2 leopard gecko skeletons
  A leopard gecko zombie (D:5)
  7 rats
  4 fungi
  5 plants
624 creatures vanquished.

Vanquished Creatures (others)
  Sonja (Orc:1)
  2 centaurs
  A bush (D:8)
  5 fulminant prisms
  14 fungi
  19 plants
42 creatures vanquished.

Grand Total: 666 creatures vanquished

Notes
Turn   | Place    | Note
-------+----------+-------------------------------------------
     0 | D:1      | Azzok the Gargoyle Fire Elementalist began the quest for
                  | the Orb.
     0 | D:1      | Reached XP level 1. HP: 10/10 MP: 3/3
   164 | D:1      | Reached XP level 2. HP: 9/15 MP: 3/5
   570 | D:1      | Reached skill level 2 in Conjurations
   583 | D:1      | Reached XP level 3. HP: 19/19 MP: 3/6
   860 | D:1      | Learned a level 3 spell: Conjure Flame
  1492 | D:2      | Reached XP level 4. HP: 24/24 MP: 1/8
  2568 | D:3      | Reached XP level 5. HP: 27/28 MP: 5/9
  2572 | D:3      | Reached skill level 3 in Conjurations
  2796 | D:3      | Learned a level 4 spell: Sticky Flame
  2928 | D:3      | Found an ornate altar of the Wu Jian Council.
  3712 | D:4      | Found a bloodstained altar of Trog.
  4184 | D:4      | Found a white marble altar of Elyvilon.
  4185 | D:4      | Found a glowing golden altar of the Shining One.
  4186 | D:4      | Found a glowing silver altar of Zin.
  4260 | D:5      | Entered Level 5 of the Dungeon
  4766 | D:5      | Found a staircase to the Ecumenical Temple.
  4788 | Temple   | Entered the Ecumenical Temple
  5355 | D:5      | Noticed an ogre
  5362 | D:5      | Killed an ogre
  5362 | D:5      | Reached XP level 6. HP: 32/32 MP: 3/11
  5470 | D:5      | Reached skill level 4 in Conjurations
  5474 | D:5      | Reached skill level 5 in Fire Magic
  5702 | D:5      | Reached XP level 7. HP: 36/36 MP: 8/13
  5952 | D:5      | Noticed Duvessa
  5952 | D:5      | Noticed Dowan
  5967 | D:5      | Killed Duvessa
  5967 | D:5      | Reached skill level 5 in Conjurations
  5968 | D:5      | Killed Dowan
  6793 | D:6      | Reached XP level 8. HP: 41/41 MP: 15/15
  6801 | D:6      | Reached skill level 5 in Spellcasting
  6962 | D:6      | Learned a level 5 spell: Fireball
  6967 | D:6      | Learned a level 4 spell: Fulminant Prism
  7526 | D:6      | Reached skill level 6 in Conjurations
  8521 | D:7      | Noticed a wyvern
  8530 | D:7      | HP: 1/41 [wyvern (6)]
  8531 | D:7      | Killed a wyvern
  8531 | D:7      | Reached skill level 7 in Conjurations
  8531 | D:7      | Reached XP level 9. HP: 1/45 MP: 4/18
 10083 | D:7      | Found a deep blue altar of Sif Muna.
 10083 | D:7      | Found a faded altar of an unknown god.
 10088 | D:7      | Found a stormy altar of Qazlal.
 10090 | D:7      | Found a shimmering altar of Xom.
 10092 | D:7      | Found a faded altar of an unknown god.
 10300 | D:8      | Found a basalt altar of Yredelemnul.
 10356 | D:8      | Reached skill level 8 in Conjurations
 10532 | D:8      | Noticed a queen bee
 10555 | D:8      | Killed a queen bee
 10919 | D:8      | Reached XP level 10. HP: 50/50 MP: 6/21
 10949 | D:8      | Reached skill level 9 in Conjurations
 11283 | D:8      | Noticed a purple ugly thing
 11290 | D:8      | Killed a purple ugly thing
 11819 | D:8      | Found a staircase to the Lair.
 12134 | D:8      | Noticed Gastronok
 12686 | D:8      | Found a shadowy altar of Dithmenos.
 13453 | D:9      | Reached skill level 10 in Conjurations
 13810 | D:9      | Found a runed gate.
 13814 | D:9      | Found a runed gate.
 13814 | D:9      | Found a runed gate.
 13818 | D:9      | Noticed Nr616's ghost (novice HOFi)
 13998 | D:9      | Reached skill level 10 in Fire Magic
 13998 | D:9      | Reached XP level 11. HP: 46/54 MP: 5/24
 14817 | D:9      | Found a radiant altar of Vehumet.
 14817 | D:9      | Found a burning altar of Makhleb.
 14840 | D:9      | Became a worshipper of Vehumet
 15048 | D:10     | Entered Level 10 of the Dungeon
 15690 | D:10     | Noticed a death knight
 15782 | D:10     | Killed a death knight
 15998 | D:10     | Reached skill level 11 in Conjurations
 16257 | D:10     | Noticed a skeletal warrior
 16267 | D:10     | Killed a skeletal warrior
 16568 | D:10     | Noticed a glowing orange brain
 16646 | D:10     | Found a transporter.
 16647 | D:10     | Found a transporter.
 16783 | Lair:1   | Entered Level 1 of the Lair of Beasts
 17151 | Lair:1   | Reached * piety under Vehumet
 17151 | Lair:1   | Offered knowledge of Sting by Vehumet.
 17286 | Lair:1   | Noticed Harold
 17504 | Lair:1   | Reached skill level 10 in Spellcasting
 18123 | Lair:1   | Killed Harold
 18255 | Lair:1   | Reached XP level 12. HP: 11/59 MP: 16/26
 19221 | Lair:2   | Reached skill level 12 in Conjurations
 19530 | Lair:2   | Found a staircase to the Shoals.
 20346 | Lair:3   | Reached ** piety under Vehumet
 20394 | Lair:3   | Found a staircase to the Snake Pit.
 20491 | Lair:3   | Found a frozen archway.
 20499 | Lair:3   | Offered knowledge of Freeze by Vehumet.
 22507 | Lair:4   | Reached skill level 13 in Conjurations
 22755 | Lair:4   | Reached XP level 13. HP: 63/63 MP: 14/28
 23475 | Lair:5   | Found a viscous altar of Jiyva.
 23475 | Lair:5   | Found a staircase to the Slime Pits.
 23798 | Lair:5   | Offered knowledge of Throw Frost by Vehumet.
 24430 | Lair:5   | Reached *** piety under Vehumet
 24678 | Lair:5   | Noticed Josephine
 25230 | Lair:5   | Reached skill level 14 in Conjurations
 25868 | Lair:5   | Got a jewelled ring mail
 25899 | Lair:5   | Killed Josephine
 25992 | Lair:6   | Entered Level 6 of the Lair of Beasts
 25995 | Lair:6   | Offered knowledge of Ignite Poison by Vehumet.
 26897 | Lair:5   | Reached **** piety under Vehumet
 27089 | Lair:5   | Gained mutation: Your large and strong wings let you fly
                  | indefinitely. [Gargoyle growth]
 27089 | Lair:5   | Reached XP level 14. HP: 68/68 MP: 9/30
 27719 | D:11     | Offered knowledge of Bolt of Magma by Vehumet.
 27726 | D:11     | Learned a level 5 spell: Bolt of Magma
 28036 | D:11     | Identified the +1 ring mail of Vimofan {rC- Str+7 Int+3}
                  | (You found it on level 5 of the Lair of Beasts)
 28228 | D:11     | Reached skill level 1 in Earth Magic
 29036 | D:12     | Reached ***** piety under Vehumet
 29040 | D:12     | Offered knowledge of Lee's Rapid Deconstruction by Vehumet.
 29284 | D:12     | Found a staircase to the Orcish Mines.
 29917 | Orc:1    | Entered Level 1 of the Orcish Mines
 30037 | Orc:1    | Noticed a stone giant
 30287 | D:12     | Killed a stone giant
 30597 | Orc:2    | Entered Level 2 of the Orcish Mines
 30775 | Orc:1    | You fall through a shaft!
 30846 | Orc:2    | Noticed Erolcha
 30849 | Orc:2    | Killed Erolcha
 31762 | Orc:1    | Noticed Sonja
 31772 | Orc:1    | Killed Sonja
 32078 | Orc:2    | Found a roughly hewn altar of Beogh.
 32088 | Orc:2    | Found a staircase to the Elven Halls.
 32129 | Orc:2    | Found a roughly hewn altar of Beogh.
 32148 | Orc:2    | Found Murrit Xenye's General Store.
 32204 | Orc:2    | Found a roughly hewn altar of Beogh.
 32422 | Orc:2    | Found a roughly hewn altar of Beogh.
 32484 | Orc:2    | Found a roughly hewn altar of Beogh.
 32485 | Orc:2    | Found Uckuufoi's Assorted Antiques.
 32492 | Orc:2    | Reached skill level 15 in Conjurations
 32610 | Orc:2    | Offered knowledge of Bolt of Fire by Vehumet.
 32689 | Orc:2    | Learned a level 6 spell: Bolt of Fire
 32740 | Orc:2    | Found a roughly hewn altar of Beogh.
 33071 | Orc:2    | Noticed Saint Roka
 33445 | Orc:2    | Found Elasmops's Antique Armour Shop.
 33473 | Orc:2    | Killed from afar by Saint Roka

Vault maps used:
D:1:      shiori_arrival_elements, kennysheep_boxes
D:2:      minmay_pentomino_s2
D:3:      overflow_temple_1_default
D:4:      good_gods_temple_1, first_ration, trog_three_pillars_becter
D:5:      minmay_temple_entry_mist, minivault_14, grunt_ministairs_6,
          uniq_duvessa
D:7:      statuecave_lemuel, chequers_temple_overflow_minitemple
D:8:      lemuel_coloured_pillars_altar, minmay_lair_entry_grove,
          david_nohive_1, david_defended_altar_elf, uniq_gastronok
D:9:      grunt_temple_overflow_lords_of_destruction, gammafunk_ghost_necromancy
D:10:     gammafunk_jiyva_shrine
D:12:     erik_orc_4
Temple:   minmay_temple_forest_path
Lair:1:   serial_bayou_shore_a, uniq_harold
Lair:2:   minmay_shoals_entry_hut, roderic_batcave, st_stairs_6, pond
Lair:3:   minmay_snake_entry_six_corridors, portal_ice_cave_entry_ice_beasts,
          chequers_serial_rivers_large_a, kennysheep_rathole, lemuel_fruit_tree
Lair:4:   lemuel_fruit_fields
Lair:5:   slime_altar_1, beast_lair_carwin_4, minmay_lair_oklob_chamber,
          grunt_megastairs_4, serial_bayou_shore_b, uniq_josephine
Lair:6:   minmay_lair_end_enchanted_forest, serial_bayou_pond_e, st_stairs_11,
          nicolae_lair_yak_garden
Orc:1:    uniq_sonja
Orc:2:    grunt_orc_community_town_hall, grunt_orc_community_big_house_2,
          grunt_orc_community_big_house_1, grunt_orc_community_house_3,
          grunt_orc_community_house_3, grunt_orc_community_house_2,
          grunt_orc_community_house_3, grunt_orc_community_house_2,
          grunt_orc_community_house_3, serial_shops, nicolae_shop_crystal,
          mines1_david, uniq_erolcha

Skill      XL: |  1  2  3  4  5  6  7  8  9 10 11 12 13 14 |
---------------+-------------------------------------------+-----
Conjurations   | 2 3 4 5 7 8 10 11 13 14 15 | 15.0
Spellcasting   | 3 4 6 7 9 10 11 12 13 | 13.1
Fire Magic     | 4 5 7 8 10 11 12 13 14 | 14.3
Earth Magic    | 4 |  4.3
Dodging        | |  1.5
Stealth        | |  2.1

Action                   |  1- 3 |  4- 6 |  7- 9 | 10-12 | 13-15 || total
-------------------------+-------+-------+-------+-------+-------++-------
Melee: Mace              |    55 |    34 |   101 |     2 |       ||   192
       Unarmed           |     1 |       |       |       |       ||     1
       Spear             |       |       |       |   103 |    11 ||   114
 Cast: Flame Tongue      |    48 |   103 |   146 |   336 |   147 ||   780
       Sticky Flame      |       |     2 |    21 |    78 |    54 ||   155
       Conjure Flame     |       |     1 |     6 |    12 |       ||    19
       Fireball          |       |       |    20 |   116 |   252 ||   388
       Fulminant Prism   |       |       |     2 |     3 |       ||     5
       Bolt of Magma     |       |       |       |       |     5 ||     5
       Bolt of Fire      |       |       |       |       |     3 ||     3
Evoke: Wand              |       |       |       |       |     4 ||     4
  Use: Scroll            |       |       |    10 |     2 |    11 ||    23
 Stab: Sleeping          |     3 |     1 |       |       |       ||     4
  Eat: Chunk             |     2 |    11 |    17 |    32 |    34 ||    96
       Ration            |       |     1 |     2 |     9 |     9 ||    21
Armor: Robe              |    47 |    37 |    75 |    76 |    35 ||   270
       Troll leather arm |       |       |       |       |    16 ||    16
Dodge: Dodged            |    66 |    44 |   103 |    92 |    72 ||   377
Block: Other             |       |       |     2 |    59 |    51 ||   112
       Reflection        |       |       |       |     7 |     6 ||    13

Table legend:
 A = Non-vault XP
 B = Vault XP
 C = Vault XP percentage of total XP
 D = Non-vault monster count
 E = Vault monster count
 F = Vault count percentage of total count
                 A         B        C        D         E       F
            +---------+---------+-------+---------+---------+-------
      Total |   47803 |   25567 |  34.8 |     424 |     194 |  31.4
            +---------+---------+-------+---------+---------+-------
        D:1 |      58 |       0 |   0.0 |      30 |       0 |   0.0
        D:2 |      33 |       4 |  10.8 |      10 |       2 |  16.7
        D:3 |     112 |       0 |   0.0 |      31 |       0 |   0.0
        D:4 |       6 |       0 |   0.0 |       2 |       0 |   0.0
        D:5 |     675 |     282 |  29.5 |      19 |       3 |  13.6
        D:6 |     679 |       0 |   0.0 |      14 |       0 |   0.0
        D:7 |    1660 |       0 |   0.0 |      28 |       0 |   0.0
        D:8 |    1395 |    2837 |  67.0 |      17 |      27 |  61.4
        D:9 |    2879 |      50 |   1.7 |      35 |       1 |   2.8
       D:10 |    3432 |      61 |   1.7 |      22 |       1 |   4.3
       D:11 |    5582 |       0 |   0.0 |      50 |       0 |   0.0
       D:12 |    3452 |     421 |  10.9 |      17 |      15 |  46.9
     Lair:1 |    3389 |    1007 |  22.9 |      19 |       1 |   5.0
     Lair:2 |     762 |    1052 |  58.0 |       8 |      15 |  65.2
     Lair:3 |    4330 |    3464 |  44.4 |      14 |      30 |  68.2
     Lair:4 |    4609 |     188 |   3.9 |      17 |       2 |  10.5
     Lair:5 |    7689 |    8364 |  52.1 |      31 |      21 |  40.4
     Lair:6 |    4245 |    1013 |  19.3 |      15 |       5 |  25.0
      Orc:1 |    1269 |     296 |  18.9 |      24 |       1 |   4.0
      Orc:2 |    1547 |    6528 |  80.8 |      21 |      70 |  76.9
            +---------+---------+-------+---------+---------+-------
